 Dungeon Crawl Stone Soup version 0.18.1-50-g88ac8fd (webtiles) character file.

251 nikopol the Chopper (level 5, -11/48 HPs)
             Began as a Minotaur Berserker on Oct 8, 2016.
             Was a Priest of Trog.
             Mangled by an ogre
             ... wielding a +0 giant spiked club
              (24 damage)
             ... on level 4 of the Dungeon.
             The game lasted 00:04:34 (2861 turns).

nikopol the Chopper (Minotaur Berserker)            Turns: 2861, Time: 00:04:34

Health: -11/48     AC:  8    Str: 21    XL:     5   Next: 88%
Magic:  4/4        EV: 11    Int:  4    God:    Trog [***...]
Gold:   166        SH:  0    Dex: 11    Spells: 0 memorised, 4 levels left

rFire  . . .     SeeInvis .     a - +0 hand axe
rCold  . . .     Gourm    .     k - +0 scale mail
rNeg   . . .     Faith    .     (no shield)
rPois  .         Spirit   .     (helmet restricted)
rElec  .         Dismiss  .     l - +0 cloak
rCorr  .         Reflect  .     (no gloves)
SustAt .         Harm     .     (no boots)
MR     .....                    (no amulet)
Stlth  ..........               (no ring)
                                (no ring)

@: not resistant to hostile enchantments, extremely unstealthy
A: retaliatory headbutt, horns 2
a: Berserk, Trog's Hand, Burn Spellbooks, Renounce Religion


You were on level 4 of the Dungeon.
You worshipped Trog.
Trog was most pleased with you.
You were not hungry.

You visited 1 branch of the dungeon, and saw 4 of its levels.

You collected 166 gold pieces.

Inventory:

Hand Weapons
 a - a +0 hand axe (weapon)
Missiles
 j - 18 arrows
Armour
 b - a +0 animal skin
 k - a +0 scale mail (worn)
 l - a +0 cloak (worn)
Jewellery
 p - an uncursed ring of stealth {unknown}
Scrolls
 d - 3 scrolls of identify {unknown}
 e - 3 scrolls of remove curse {unknown}
 f - a scroll of fog {unknown}
 g - a scroll of amnesia {unknown}
 i - 2 scrolls of enchant armour {unknown}
 m - 2 scrolls of recharging {unknown}
Potions
 n - a potion of ambrosia {unknown}
 o - a potion of heal wounds {unknown}
 q - a potion of agility {unknown}
Comestibles
 c - 3 bread rations
 h - a chunk of flesh


   Skills:
 + Level 5.1 Fighting
 + Level 5.1 Axes
 + Level 4.2 Armour
 + Level 3.6 Dodging


You had 4 spell levels left.
You didn't know any spells.

Dungeon Overview and Level Annotations

Branches:
Dungeon (4/15)
 Temple: D:4-7

Altars:
Dithmenos
Vehumet


Innate Abilities, Weirdness & Mutations

You reflexively headbutt those who attack you in melee.
You have a pair of horns on your head.


Message History

You hit the ogre but do no damage. You hit the ogre.
Your headbutt misses the ogre.
The ogre is lightly wounded.
The ogre hits you with a giant spiked club!!
Ouch! That really hurt!
You barely miss the ogre.
The ogre is lightly wounded.
The ogre misses you.
A howler monkey skeleton comes into view.
You slash the ogre!
The ogre is moderately wounded.
The ogre hits you with a giant spiked club!
* * * LOW HITPOINT WARNING * * *
You hit the ogre. You headbutt the ogre.
The ogre is severely wounded.
You hit the ogre.
The ogre is almost dead.
The ogre hits you with a giant spiked club!!
Ouch! That really hurt!
You die...

####.##.......#
#..#.......#####
####.#.......##...
..##.#.......##...
#.##.........##...
#Z###.#.#######(.. #.#
#.#.# #### #O# #...#
####### #@# ##..#
#...... #.# #..# #......
######.#####'####......
..........#.....##......
.............>..##......
..........#.....##......
..........#.....##......
###########.....##......
#.....##......


You could see an ogre and a howler monkey skeleton.

Vanquished Creatures
  An orc priest (D:3)
  An iguana (D:4)
  An orc wizard (D:3)
  A worker ant (D:4)
  6 adders
  A worm (D:3)
  3 dart slugs
  5 giant geckos
  4 orcs
  A ball python (D:2)
  6 bats
  4 giant cockroaches
  9 goblins
  5 hobgoblins
  7 jackals (D:2)
  A quokka (D:3)
  6 giant newts
  4 kobolds
  18 rats
84 creatures vanquished.

Notes
Turn   | Place    | Note
--------------------------------------------------------------
     0 | D:1      | nikopol the Minotaur Berserker began the quest for the Orb.
     0 | D:1      | Reached XP level 1. HP: 19/19 MP: 0/0
   191 | D:1      | Reached XP level 2. HP: 12/27 MP: 1/1
   576 | D:1      | Reached ** piety under Trog
   629 | D:1      | Reached XP level 3. HP: 30/33 MP: 2/2
  1079 | D:2      | Found a shadowy altar of Dithmenos.
  1385 | D:2      | Reached XP level 4. HP: 39/41 MP: 3/3
  1539 | D:2      | Reached *** piety under Trog
  1879 | D:3      | Reached XP level 5. HP: 41/47 MP: 4/4
  2246 | D:3      | Reached skill level 5 in Fighting
  2246 | D:3      | Reached skill level 5 in Axes
  2543 | D:4      | Found a radiant altar of Vehumet.
  2852 | D:4      | Noticed an ogre
  2861 | D:4      | Mangled by an ogre

Skill      XL: |  1  2  3  4  5 |
---------------+----------------+-----
Fighting       | 4 5 |  5.1
Axes           | 4 5 |  5.1
Armour         | 3 4 |  4.2
Dodging        | 3 |  3.6

Action                   |  1- 3 |  4- 6 || total
-------------------------+-------+-------++-------
Melee: Hand axe          |    92 |   111 ||   203
       Headbutt          |    17 |    21 ||    38
 Stab: Sleeping          |     4 |       ||     4
  Eat: Chunk             |     1 |     5 ||     6
Armor: Animal skin       |    11 |       ||    11
       Scale mail        |     9 |    31 ||    40
Dodge: Dodged            |    62 |    44 ||   106
